BSA
KANSAS CITY KINGS @ AUSTIN RIVER SHARKS
05/23/2024
 
TOP OF THE 1ST
Kansas City Kings batting - Pitching for Austin River Sharks : LHP Walter Bamber
Pitching: LHP Walter Bamber
Batting: RHB Chris Chandler 0-0: Ground out 5-3 (Groundball, 5S)
Batting: LHB Marc Nichols 0-0: Called Strike
0-1: Foul Ball, location: 2F
0-2: Foul Ball, location: 2F
0-2: Ball
1-2: Foul Ball, location: 2F
1-2: Ball
2-2: Strikes out swinging
Batting: RHB Toshimichi Kono 0-0: Ball
1-0: Ball
2-0: SINGLE (Line Drive, 56)
Batting: RHB Alonso Ramos 0-0: Called Strike
0-1: Called Strike
0-2: Hit by Pitch
Toshimichi Kono to second
Batting: SHB Greg Welch 0-0: Called Strike
0-1: Called Strike
0-2: Ball
1-2: SINGLE (Line Drive, 56D)
Toshimichi Kono to third
Alonso Ramos to second
Batting: RHB Adrian Prouse 0-0: Foul Ball, location: 2F
0-1: Ball
Balk!
Toshimichi Kono scores
Alonso Ramos to third
Greg Welch to second
1-1: Ball
2-1: Ball
3-1: Foul Ball, location: 2F
3-2: DOUBLE (Line Drive, 9LS)
Alonso Ramos scores
Greg Welch scores
Batting: LHB William Ruffo 0-0: Ball
1-0: Ball
Wild Pitch!
Adrian Prouse to third
2-0: Foul Ball, location: 2F
2-1: Reached on error, E6 (Groundball, 6M)
Adrian Prouse scores
Batting: RHB Shigemasa Ishida 0-0: Foul Ball, location: 2F
0-1: Ball
1-1: Foul Ball, location: 2F
1-2: Strikes out swinging
Top of the 1st over - 4 run(s), 3 hit(s), 1 error(s), 1 left on base; Kansas City 4 - Austin 0
BOTTOM OF THE 1ST
Austin River Sharks batting - Pitching for Kansas City Kings : LHP Jesús López
Pitching: LHP Jesús López
Batting: RHB Hidetada Kichida 0-0: Ball
1-0: Ball
2-0: Called Strike
2-1: Ball
3-1: Called Strike
3-2: SINGLE (Groundball, 34D)
Batting: RHB Edouard Padovano 0-0: DOUBLE (Popup, 6D)
Hidetada Kichida to third
Batting: LHB Roberto García 0-0: Ball
1-0: Fly out, F6 (Popup, 6MD)
Batting: LHB Luis Padilla 0-0: Ball
1-0: Called Strike
1-1: Ball
2-1: Ball
3-1: Fly out, F8 (Popup, 4MD)
Batting: RHB Rich Ruffin 0-0: Called Strike
0-1: Called Strike
0-2: Ball
1-2: Ground out 5-3 (Groundball, 56)
Bottom of the 1st over - 0 run(s), 2 hit(s), 0 error(s), 2 left on base; Kansas City 4 - Austin 0
TOP OF THE 2ND
Kansas City Kings batting - Pitching for Austin River Sharks : LHP Walter Bamber
Batting: RHB Matt Richards 0-0: Ball
1-0: Called Strike
1-1: Swinging Strike
1-2: Foul Ball, location: 2F
1-2: Ball
2-2: Ball
3-2: Foul Ball, location: 2F
3-2: Strikes out swinging
Batting: RHB Chris Chandler 0-0: Ball
1-0: Ball
2-0: Called Strike
2-1: Ground out 5-3 (Groundball, 5)
Batting: LHB Marc Nichols 0-0: Ball
1-0: Ball
2-0: Called Strike
2-1: Ball
3-1: Base on Balls
Batting: RHB Toshimichi Kono 0-0: DOUBLE (Flyball, 8LXD)
Marc Nichols to third
Batting: RHB Alonso Ramos 0-0: Ball
1-0: Called Strike
1-1: Swinging Strike
1-2: Ball
2-2: Foul Ball, location: 2F
2-2: Ground out 5-3 (Groundball, 56)
Top of the 2nd over - 0 run(s), 1 hit(s), 0 error(s), 2 left on base; Kansas City 4 - Austin 0
BOTTOM OF THE 2ND
Austin River Sharks batting - Pitching for Kansas City Kings : LHP Jesús López
Batting: LHB Pedro Zaragoza 0-0: Fly out, F7 (Flyball, 7LM)
Batting: SHB Juan Castro 0-0: Ball
1-0: Swinging Strike
1-1: Ball
2-1: Ground out 4-3 (Groundball, 4M)
Batting: RHB Kenneth Roberts 0-0: Ball
1-0: Foul Ball, location: 2F
1-1: Ball
2-1: Ball
3-1: Called Strike
3-2: Foul Ball, location: 2F
3-2: Base on Balls
Batting: RHB José Balina 0-0: Ball
1-0: SINGLE (Flyball, 9LM)
Kenneth Roberts to second
Runner from 2nd tries for 3rd, SAFE, throw made to third
Batting: RHB Hidetada Kichida 0-0: Called Strike
0-1: Ball
1-1: Ball
2-1: Foul Ball, location: 2F
2-2: Ground out 5-3 (Groundball, 5L)
Bottom of the 2nd over - 0 run(s), 1 hit(s), 0 error(s), 2 left on base; Kansas City 4 - Austin 0
TOP OF THE 3RD
Kansas City Kings batting - Pitching for Austin River Sharks : LHP Walter Bamber
Batting: SHB Greg Welch 0-0: Ball
1-0: Fly out, F9 (Flyball, 9M)
Batting: RHB Adrian Prouse 0-0: Ball
1-0: Foul Ball, location: 2F
1-1: Called Strike
1-2: Strikes out swinging, 2-3 out at first.
Batting: LHB William Ruffo 0-0: Ball
1-0: Fly out, F4 (Popup, 4M)
Top of the 3rd over - 0 run(s), 0 hit(s), 0 error(s), 0 left on base; Kansas City 4 - Austin 0
BOTTOM OF THE 3RD
Austin River Sharks batting - Pitching for Kansas City Kings : LHP Jesús López
Batting: RHB Edouard Padovano 0-0: Ball
1-0: Ball
2-0: Called Strike
2-1: Ball
3-1: Foul Ball, location: 2F
3-2: Strikes out swinging
Batting: LHB Roberto García 0-0: Foul Ball, location: 2F
0-1: Foul Ball, location: 2F
0-2: Ball
1-2: Ball
2-2: Fly out, F5 (Line Drive, 56)
Batting: LHB Luis Padilla 0-0: Ball
1-0: Foul Ball, location: 2F
1-1: Foul Ball, location: 2F
1-2: Strikes out swinging
Bottom of the 3rd over - 0 run(s), 0 hit(s), 0 error(s), 0 left on base; Kansas City 4 - Austin 0
TOP OF THE 4TH
Kansas City Kings batting - Pitching for Austin River Sharks : LHP Walter Bamber
Batting: RHB Shigemasa Ishida 0-0: Foul Ball, location: 2F
0-1: Foul Ball, location: 2F
0-2: Ball
1-2: Strikes out swinging
Batting: RHB Matt Richards 0-0: Foul Ball, location: 2F
0-1: Ball
1-1: Ball
2-1: Ball
3-1: Called Strike
3-2: Foul Ball, location: 2F
3-2: Foul Ball, location: 2F
3-2: Foul Ball, location: 2F
3-2: SINGLE (Line Drive, 56D)
Batting: RHB Chris Chandler 0-0: Called Strike
0-1: SINGLE (Line Drive, 78S)
Matt Richards to second
Batting: LHB Marc Nichols 0-0: Ball
Matt Richards is caught stealing 3rd base
Chris Chandler to second
1-0: Foul Ball, location: 2F
1-1: Swinging Strike
1-2: Strikes out swinging
Top of the 4th over - 0 run(s), 2 hit(s), 0 error(s), 1 left on base; Kansas City 4 - Austin 0
BOTTOM OF THE 4TH
Austin River Sharks batting - Pitching for Kansas City Kings : LHP Jesús López
Batting: RHB Rich Ruffin 0-0: Foul Ball, location: 2F
0-1: Ball
1-1: Ball
2-1: Called Strike
2-2: Strikes out swinging
Batting: LHB Pedro Zaragoza 0-0: Ball
1-0: Ground out 1-3 (Groundball, 15S)
Batting: SHB Juan Castro 0-0: Called Strike
0-1: DOUBLE (Line Drive, 8LXD)
Batting: RHB Kenneth Roberts 0-0: Called Strike
0-1: Ball
1-1: Foul Ball, location: 2F
1-2: Ball
2-2: Ball
3-2: Strikes out swinging
Bottom of the 4th over - 0 run(s), 1 hit(s), 0 error(s), 1 left on base; Kansas City 4 - Austin 0
TOP OF THE 5TH
Kansas City Kings batting - Pitching for Austin River Sharks : LHP Walter Bamber
Pitching: RHP Sam MacIntyre
Batting: RHB Toshimichi Kono 0-0: Ground out 1-3 (Groundball, 25)
Batting: RHB Alonso Ramos 0-0: Ground out 6-3 (Groundball, 6)
Batting: SHB Greg Welch 0-0: Called Strike
0-1: Swinging Strike
0-2: Foul Ball, location: 2F
0-2: Ball
1-2: Ground out 4-3 (Groundball, 34S)
Top of the 5th over - 0 run(s), 0 hit(s), 0 error(s), 0 left on base; Kansas City 4 - Austin 0
BOTTOM OF THE 5TH
Austin River Sharks batting - Pitching for Kansas City Kings : LHP Jesús López
Batting: RHB José Balina 0-0: Foul Ball, location: 2F
0-1: SOLO HOME RUN (Flyball, 8RD), Distance : 421 ft
Batting: RHB Hidetada Kichida 0-0: Ball
1-0: Ball
2-0: Ball
3-0: Called Strike
3-1: Base on Balls
Batting: RHB Edouard Padovano 0-0: Ball
1-0: 2-RUN HOME RUN (Line Drive, 8LXD), Distance : 438 ft
Batting: LHB Roberto García 0-0: Called Strike
0-1: Ball
1-1: Ball
2-1: Ball
3-1: Foul Ball, location: 2F
3-2: Fly out, F7 (Flyball, 78D)
Batting: LHB Luis Padilla 0-0: Ground out U3 (Groundball, 3L)
Batting: RHB Rich Ruffin 0-0: Called Strike
0-1: Called Strike
0-2: Fly out, F8 (Flyball, 8LD)
Bottom of the 5th over - 3 run(s), 2 hit(s), 0 error(s), 0 left on base; Kansas City 4 - Austin 3
TOP OF THE 6TH
Kansas City Kings batting - Pitching for Austin River Sharks : RHP Sam MacIntyre
Batting: RHB Adrian Prouse 0-0: Called Strike
0-1: Foul Ball, location: 2F
0-2: Fly out, F9 (Flyball, 89D)
Batting: LHB William Ruffo 0-0: Foul Ball, location: 2F
0-1: Ball
1-1: Ball
2-1: Foul Ball, location: 2F
2-2: Ball
3-2: Foul Ball, location: 2F
3-2: SOLO HOME RUN (Flyball, 8RXD), Distance : 420 ft
Batting: RHB Shigemasa Ishida 0-0: Called Strike
0-1: Foul Ball, location: 2F
0-2: Ball
1-2: Foul Ball, location: 2F
1-2: SINGLE (Groundball, 4MD)
Batting: RHB Matt Richards 0-0: Ball
1-0: Fielders Choice at 2nd, 6-4 (Groundball, 56)
Batting: RHB Chris Chandler 0-0: Ball
1-0: DOUBLE (Groundball, 5L)
Matt Richards to third
Runner from 3rd tries for Home, SAFE, no throw or cutoff
Batting: LHB Marc Nichols 0-0: SINGLE (Flyball, 4MD)
Chris Chandler to third
Runner from 3rd tries for Home, SAFE, no throw or cutoff
Pitching: RHP Pedro Magana
Batting: RHB Toshimichi Kono 0-0: Ball
1-0: Ball
2-0: Foul Ball, location: 2F
2-1: Foul Ball, location: 2F
2-2: Ball
3-2: Foul Ball, location: 2F
3-2: Foul Ball, location: 2F
3-2: Foul Ball, location: 2F
3-2: Base on Balls
Marc Nichols to second
Batting: RHB Alonso Ramos 0-0: Called Strike
0-1: Swinging Strike
0-2: Ball
1-2: Fly out, F4 (Popup, 3F)
Top of the 6th over - 3 run(s), 4 hit(s), 0 error(s), 2 left on base; Kansas City 7 - Austin 3
BOTTOM OF THE 6TH
Austin River Sharks batting - Pitching for Kansas City Kings : LHP Jesús López
Now at 3B: Domingo Ávila
Batting: LHB Pedro Zaragoza 0-0: Ball
1-0: Called Strike
1-1: Ball
2-1: Ground out 6-3 (Groundball, 6M)
Batting: SHB Juan Castro 0-0: Ball
1-0: Ball
2-0: Ball
3-0: Base on Balls
Batting: RHB Kenneth Roberts 0-0: Called Strike
0-1: Foul Ball, location: 2F
0-2: Foul Ball, location: 2F
0-2: Ball
1-2: Strikes out looking
Batting: RHB José Balina 0-0: Ball
1-0: Fly out, F9 (Flyball, 9D)
Bottom of the 6th over - 0 run(s), 0 hit(s), 0 error(s), 1 left on base; Kansas City 7 - Austin 3
TOP OF THE 7TH
Kansas City Kings batting - Pitching for Austin River Sharks : RHP Pedro Magana
Batting: SHB Greg Welch 0-0: Foul Ball, location: 2F
0-1: Ground out U3 (Groundball, 3)
Batting: RHB Adrian Prouse 0-0: Called Strike
0-1: Called Strike
0-2: Strikes out swinging
Batting: LHB William Ruffo 0-0: Called Strike
0-1: Foul Ball, location: 2F
0-2: Ball
1-2: Strikes out looking
Top of the 7th over - 0 run(s), 0 hit(s), 0 error(s), 0 left on base; Kansas City 7 - Austin 3
BOTTOM OF THE 7TH
Austin River Sharks batting - Pitching for Kansas City Kings : LHP Jesús López
Pitching: LHP Leonardo Rodríguez
Batting: RHB Hidetada Kichida 0-0: Called Strike
0-1: Ground out 3-1 (Groundball, 34S)
Batting: RHB Edouard Padovano 0-0: Ball
1-0: Called Strike
1-1: Ball
2-1: Swinging Strike
2-2: Ball
3-2: Strikes out swinging
Batting: LHB Roberto García 0-0: Called Strike
0-1: DOUBLE (Line Drive, 9LD)
Batting: LHB Luis Padilla 0-0: Foul Ball, location: 2F
0-1: Fly out, F9 (Flyball, 9S)
Bottom of the 7th over - 0 run(s), 1 hit(s), 0 error(s), 1 left on base; Kansas City 7 - Austin 3
TOP OF THE 8TH
Kansas City Kings batting - Pitching for Austin River Sharks : RHP Pedro Magana
Batting: RHB Domingo Ávila 0-0: Foul Ball, location: 2F
0-1: Foul Ball, location: 2F
0-2: Foul Ball, location: 2F
0-2: Strikes out looking
Batting: RHB Matt Richards 0-0: Called Strike
0-1: Called Strike
0-2: Ball
1-2: Strikes out swinging
Batting: RHB Chris Chandler 0-0: Called Strike
0-1: Ball
1-1: Ball
2-1: Ball
3-1: Ground out 5-3 (Groundball, 56)
Top of the 8th over - 0 run(s), 0 hit(s), 0 error(s), 0 left on base; Kansas City 7 - Austin 3
BOTTOM OF THE 8TH
Austin River Sharks batting - Pitching for Kansas City Kings : LHP Leonardo Rodríguez
Batting: RHB Rich Ruffin 0-0: Foul Ball, location: 2F
0-1: Ball
1-1: Called Strike
1-2: SOLO HOME RUN (Flyball, 8RD), Distance : 419 ft
Batting: LHB Pedro Zaragoza 0-0: Called Strike
0-1: Fly out, F7 (Flyball, 7M)
Batting: SHB Juan Castro 0-0: Fly out, F8 (Flyball, 78D)
Batting: RHB Kenneth Roberts 0-0: Ground out 4-3 (Groundball, 34)
Bottom of the 8th over - 1 run(s), 1 hit(s), 0 error(s), 0 left on base; Kansas City 7 - Austin 4
TOP OF THE 9TH
Kansas City Kings batting - Pitching for Austin River Sharks : RHP Pedro Magana
Batting: LHB Marc Nichols 0-0: Foul Ball, location: 2F
0-1: Swinging Strike
0-2: Ball
1-2: Ball
2-2: Foul Ball, location: 2F
2-2: Fly out, F7 (Flyball, 7D)
Pitching: RHP Daniel Morris
Batting: RHB Toshimichi Kono 0-0: SINGLE (Groundball, 4M)
Batting: RHB Alonso Ramos 0-0: Ball
1-0: Called Strike
1-1: Called Strike
1-2: Ball
2-2: Foul Ball, location: 2F
2-2: Foul Ball, location: 2F
2-2: Ball
3-2: Strikes out swinging
Batting: SHB Greg Welch 0-0: Called Strike
0-1: Ball
1-1: Called Strike
1-2: Ball
2-2: Fielders Choice at 2nd, U6 (Groundball, 6M)
Top of the 9th over - 0 run(s), 1 hit(s), 0 error(s), 1 left on base; Kansas City 7 - Austin 4
BOTTOM OF THE 9TH
Austin River Sharks batting - Pitching for Kansas City Kings : LHP Leonardo Rodríguez
Pitching: RHP Diego Solís
Batting: RHB José Balina 0-0: Ball
1-0: Called Strike
1-1: Ball
2-1: Foul Ball, location: 2F
2-2: Ground out 4-3 (Groundball, 4)
Batting: RHB Hidetada Kichida 0-0: Ground out 4-3 (Groundball, 4)
Batting: RHB Edouard Padovano 0-0: Ball
1-0: Foul Ball, location: 2F
1-1: Swinging Strike
1-2: Ball
2-2: Strikes out swinging
Bottom of the 9th over - 0 run(s), 0 hit(s), 0 error(s), 0 left on base; Kansas City 7 - Austin 4
This league is powered by Out of the Park Baseball, the baseball management simulation game for PC, Mac and Linux
Saturday, April 9th, 2016 - OOTP Baseball 16.8 Build 38